 Dungeon Crawl Stone Soup version 0.30.1-9-gdf580d7c3d (webtiles) character file.

Game seed: 15755423436358093363

49 Peloso the Trooper (level 3, 0/33 HPs)
             Began as a Minotaur Fighter on Oct 21, 2023.
             Succumbed to a kobold's poison
             ... on level 2 of the Dungeon.
             The game lasted 00:03:08 (1053 turns).

Peloso the Trooper (Minotaur Fighter)               Turns: 1053, Time: 00:03:08

Health: 0/33       AC:  7    Str: 20    XL:     3   Next: 53%
Magic:  2/2        EV:  9    Int:  5    God:
Gold:   144        SH:  4    Dex: 11    Spells: 2/2 levels left

rFire   . . .        a - +0 long sword
rCold   . . .        d - +0 buckler
rNeg    . . .        c - +0 scale mail
rPois   .            (helmet restricted)
rElec   .            (no cloak)
rCorr   .            (no gloves)
SInv    .            (no boots)
Will    .....        h - amulet of guardian spirit Stlth
                     (no ring)
HPRegen 0.25/turn    (no ring)
MPRegen 0.08/turn

%: guardian spirit
@: lethally poisoned (0 -> -1)
A: horns 2, retaliatory headbutt
a: no special abilities


You were on level 2 of the Dungeon.
You visited 1 branch of the dungeon, and saw 2 of its levels.

You collected 144 gold pieces.

Inventory:

Hand Weapons
 a - a +0 long sword (weapon)
 b - a +1 whip of flaming
Armour
 c - a +0 scale mail (worn)
 d - a +0 buckler (worn)
Jewellery
 h - an amulet of guardian spirit (around neck)
Scrolls
 f - 3 scrolls of identify {unknown}
 g - a scroll of enchant armour {unknown}
 i - a scroll of brand weapon {unknown}
 j - a scroll of noise {unknown}
 k - a scroll of magic mapping {unknown}
 l - a scroll of immolation {unknown}
Potions
 e - 2 potions of might


   Skills:
 + Level 4.2 Fighting
 + Level 3.2 Long Blades
 + Level 4.0 Armour
 + Level 0.1 Dodging
 + Level 4.1 Shields


You had 2 spell levels left.
You didn't know any spells.
Your spell library contained the following spells:

 Spells                   Type           Power      Damage    Failure   Level
 Beastly Appendage        Tmut           0%         N/A       88%         1
 Lesser Beckoning         Tloc           0%         N/A       95%         2
 Wereblood                Tmut           0%         N/A       95%         2
 Gell's Gravitas          Tloc           0%         N/A       99%         3
 Spider Form              Tmut/Pois      0%         N/A       99%         3
 Teleport Other           Tloc           0%         N/A       99%         3


Dungeon Overview and Level Annotations

Branches:
Dungeon (2/15)

Altars:


Innate Abilities, Weirdness & Mutations

You have a pair of horns on your head.
You reflexively headbutt those who attack you in melee.


Message History

You feel very sick. The goblin hits you but does no damage.
You barely miss the goblin.
You feel very sick. The goblin closely misses you.
You slash the goblin!
You kill the goblin!
* * * LOW HITPOINT WARNING * * *
You feel very sick.
Unknown command.
Okay, then.
* * * LOW HITPOINT WARNING * * *
You feel sick.
Things that are here:
a +0 club; a +1 whip of venom; a kobold corpse You slash the endoplasm!
You kill the endoplasm!
* * * LOW HITPOINT WARNING * * *
You feel sick.
Unknown command.
* * * LOW HITPOINT WARNING * * *
You feel sick.
Unknown command.
* * * LOW HITPOINT WARNING * * *
You feel sick.
Things that are here:
a +0 club; a +1 whip of venom; a kobold corpse
* * * LOW HITPOINT WARNING * * *
You feel sick.
Okay, then.
Unknown command.
There is a lethal amount of poison in your body!
There is a lethal amount of poison in your body!
There is a lethal amount of poison in your body!
Unknown command.
* * * LOW HITPOINT WARNING * * *
You feel sick.
* * * LOW HITPOINT WARNING * * *
You feel sick.
You die...

#.#...........#.##...## ...
.###.........##....# . ... #
.........#.....# .. #...
##.............. .. ....
#............... #.
.....####...............
#..........................
..#...######.#...............
........)...@#......(........
..)....#######...............
....... ##..........(...
....... ##.....##......
....... ####.###..####
....... #.####..# # .......
#.......## ....... ######...#
##).##


There were no monsters in sight!

Vanquished Creatures
  An adder (D:2)
  A dart slug (D:2)
  4 endoplasms
  A giant cockroach (D:1)
  5 goblins
  2 hobgoblins (D:1)
  3 quokkas
  5 ball pythons
  5 bats
  2 frilled lizards
  5 kobolds
  A rat (D:1)
35 creatures vanquished.

Notes
Turn   | Place    | Note
-------+----------+-------------------------------------------
     0 | D:1      | Peloso the Minotaur Fighter began the quest for the Orb.
     0 | D:1      | Reached XP level 1. HP: 19/19 MP: 0/0
   122 | D:1      | Reached XP level 2. HP: 24/27 MP: 1/1
   761 | D:2      | Reached XP level 3. HP: 33/33 MP: 2/2
   867 | D:2      | Identified the +3 ring mail "Hiafowk" {Harm Drain rElec
                  | Stlth+}
  1051 | D:2      | HP: 1/33 [poisoned by a kobold]
  1053 | D:2      | Succumbed to a kobold's poison

Illustrated notes

Levels and vault maps discovered:
D:1:      minmay_arrival_solitary_statue, layout_rooms, columned_hall_lemuel
D:2:      layout_rooms, nicolae_elevator_lobby_plus

Skill      XL: |  1  2  3 |
---------------+----------+-----
Shields        | 4 |  4.1
Fighting       | 4 |  4.2
Armour         | 4 |  4.0
Long Blades    | 3 |  3.2
Dodging        | |  0.1

Action                     || total
---------------------------++-------
  Melee: Long sword        ||    66
         Headbutt          ||     6
    Use: Potion            ||     4
 Armour: Scale mail        ||    41
  Dodge: Dodged            ||    50
  Block: Buckler           ||    22
